 Dungeon Crawl Stone Soup version 0.30-a0-1006-g5d778dfbfc (webtiles) character file.

Game seed: 513302540177133765

1 protoss039 the Vexing (level 1, 0/10 HPs)
             Began as a Vampire Enchanter on Apr 5, 2023.
             Slain by a ball python (2 damage)
             ... on level 1 of the Dungeon.
             The game lasted 00:00:49 (100 turns).

protoss039 the Vexing (Vampire Enchanter)            Turns: 100, Time: 00:00:49

Health: 0/10       AC:  2    Str:  7    XL:     1   Next: 16%
Magic:  3/3        EV: 12    Int: 17    God:
Gold:   24         SH:  0    Dex: 14    Spells: 4/4 levels left

rFire   . . .      SeeInvis +    a - +1 dagger
rCold   + + .      Faith    .    (no shield)
rNeg    + + +      Spirit   .    b - +0 robe
rPois   ∞          Reflect  .    (no helmet)
rElec   .          Rampage  .    (no cloak)
rCorr   .                        (no gloves)
Will    .....                    (no boots)
Stlth   +++++                    (no amulet)
HPRegen 0.00/turn                (no ring)
MPRegen 0.08/turn                (no ring)

@: bloodless, inhibited regen, invisible
A: bloodless, fangs 3, see invisible, vampiric 1
a: Revivify


You were on level 1 of the Dungeon.
You visited 1 branch of the dungeon, and saw 1 of its levels.

You collected 24 gold pieces.

Inventory:

Hand Weapons
 a - a +1 dagger (weapon)
Armour
 b - a +0 robe (worn)
Scrolls
 d - a scroll of enchant armour {unknown}
Potions
 c - a potion of invisibility


   Skills:
 + Level 0.0 Fighting
 + Level 1.1 Short Blades
 + Level 2.2 Dodging
 * Level 4.4 Stealth
 + Level 2.0 Spellcasting
 + Level 4.4 Hexes


You had 4 spell levels left.
You didn't know any spells.
Your spell library contained the following spells:

 Spells                   Type           Power      Damage    Failure   Level
 Confusing Touch          Hex            16%        N/A       10%         3
 Tukima's Dance           Hex            16%        N/A       10%         3
 Ensorcelled Hibernation  Hex/Ice        18%        N/A       12%         2
 Dazzling Flash           Conj/Hex       18%        N/A       24%         3


Dungeon Overview and Level Annotations

Branches:
Dungeon (1/15) Zot: 5900

Altars:


Innate Abilities, Weirdness & Mutations

You do not regenerate when monsters are visible.
You are frail without blood (-20% HP).
You can heal yourself when you bite living creatures.
You are immune to poison.
You have razor-sharp teeth.
You have supernaturally acute eyesight. (SInv)
You are afflicted with vampirism.


Message History

You don't know any spells.
Unknown command.
The kobold attacks as you move away! The kobold barely misses you.
You don't know any spells.
Unknown command.
You hit the kobold.
You kill the kobold!
You start resting.
HP restored.
A ball python comes into view.
Found a stone staircase leading down.
You see here a scroll labelled DERCHA ENOKHLER.
d - a scroll labelled DERCHA ENOKHLER A goblin comes into view.
It is wielding a +0 dagger.
A giant cockroach comes into view.
Found a metallic golden potion.
The ball python hisses angrily.
The goblin shouts!
The ball python barely misses you. The ball python closely misses you.
The ball python barely misses you. The ball python closely misses you.
You closely miss the ball python. The ball python misses you.
The ball python barely misses you.
You closely miss the ball python. The ball python bites you.
The ball python barely misses you. The goblin hits you with a +0 dagger.
You hit the goblin but do no damage. Your punch misses the goblin.
The ball python bites you. The ball python barely misses you.
The goblin hits you with a +0 dagger.
* * * LOW HITPOINT WARNING * * *
Unknown command.
You fade into invisibility!
The ball python completely misses you. The goblin hits you with a +0 dagger.
* * * LOW HITPOINT WARNING * * *
Unknown command.
You hit the goblin. Your bite misses the goblin.
The goblin is moderately wounded.
The ball python barely misses you. The goblin closely misses you.
Unknown command.
You hit the goblin.
The goblin is heavily wounded.
The ball python bites you.
You die...

#.................
#.###..........# # ..
#..........#.#
....###).†.......#.#####
........................
#######..........#.#####
#..........# #
#..........#.#####
#######.........@g......
................SB.....!
.........#######........
.........# #........
.........# #........
########## #........
#........ ###.#####


You could see a giant cockroach (unable to see you), a goblin (wandering, unable
to see you) and a ball python (unable to see you).

Vanquished Creatures
  A bat (D:1)
  A kobold (D:1)
2 creatures vanquished.

Notes
Turn   | Place    | Note
-------+----------+-------------------------------------------
     0 | D:1      | protoss039 the Vampire Enchanter began the quest for the
                  | Orb.
     0 | D:1      | Reached XP level 1. HP: 13/13 MP: 3/3
   100 | D:1      | Slain by a ball python

Illustrated notes

Levels and vault maps discovered:
D:1:      giann_forest_graveyard, layout_basic, hangedman_feature_mirror

Action                     || total
---------------------------++-------
  Melee: Dagger            ||    16
Ability: Exsanguinate      ||     1
    Use: Potion            ||     1
 Armour: Robe              ||     2
  Dodge: Dodged            ||    20

Table legend: (Time is in decaauts)
 A = Elapsed time spent in this place.
 B = Non-inter-level travel time spent in this place.
 C = Inter-level travel time spent in this place.
 D = Time resting spent in this place.
 E = Time spent auto-exploring this place.
 F = Levels seen in this place.
 G = Mean time per level.
                   A        B        C        D        E       F      G
               +--------+--------+--------+--------+--------+-----+--------+
         Total |     99 |     99 |      0 |     30 |     19 |   1 |   99.0 |
       Dungeon |     99 |     99 |      0 |     30 |     19 |   1 |   99.0 |
               +--------+--------+--------+--------+--------+-----+--------+

Top non-repeatable levels by time:
     D:1: 99 daAuts
